 Dungeon Crawl Stone Soup version 0.28.0 (webtiles) character file.

Game seed: 14873752611139340730

434 Illumine the Gusty (level 6, 0/35 HPs)
             Began as a Deep Elf Air Elementalist on Feb 9, 2022.
             Killed from afar by Ijyb (9 damage)
             ... with a puff of flame
             ... on level 3 of the Dungeon.
             The game lasted 00:10:07 (4021 turns).

Illumine the Gusty (Deep Elf Air Elementalist)      Turns: 4021, Time: 00:10:07

Health: 0/35       AC:  3    Str:  5    XL:     6   Next: 67%
Magic:  6/13       EV: 12    Int: 28    God:
Gold:   99         SH:  0    Dex: 15    Spells: 3/12 levels left

rFire   . . .      SeeInvis .   n - +0 short sword
rCold   . . .      Faith    .   (no shield)
rNeg    . . .      Spirit   .   a - +0 robe
rPois   .          Reflect  .   (no helmet)
rElec   .          Harm     .   (no cloak)
rCorr   .          Rampage  .   (no gloves)
Will    .....                   m - +0 pair of boots
Stlth   ++........              (no amulet)
HPRegen 0.11/turn               s - +6 ring of intelligence
MPRegen 0.13/turn               (no ring)

@: no status effects
A: no striking features
a: no special abilities


You were on level 3 of the Dungeon.
You visited 1 branch of the dungeon, and saw 5 of its levels.

You collected 99 gold pieces.

Inventory:

Hand Weapons
 n - a +0 short sword (weapon)
 q - a +0 shortbow
Missiles
 r - 25 arrows
Armour
 a - a +0 robe (worn)
 m - a +0 pair of boots (worn)
Jewellery
 s - a +6 ring of intelligence (left hand)
Scrolls
 b - 2 scrolls of immolation {unknown}
 c - 2 scrolls of fog {unknown}
 d - 3 scrolls of identify {unknown}
 e - 2 scrolls of holy word {unknown}
 g - 2 scrolls of blinking
 h - a scroll of enchant armour {unknown}
 i - 2 scrolls of teleportation {unknown}
 j - a scroll of magic mapping {unknown}
 o - a scroll of silence {unknown}
 t - a scroll of brand weapon {unknown}
Potions
 f - a potion of berserk rage {unknown}
 k - a potion of lignification {unknown}
 l - a potion of flight {unknown}
 p - a potion of curing {unknown}


   Skills:
 - Level 2.1 Fighting
 - Level 2.4 Dodging
 - Level 2.4 Stealth
 + Level 3.9 Spellcasting
 - Level 4.1 Conjurations
 + Level 5.0 Air Magic
 - Level 2.2 Poison Magic


You had 3 spell levels left.
You knew the following spells:

 Your Spells              Type           Power      Damage    Failure   Level
a - Shock                 Conj/Air       100%       1d9       1%          1
b - Static Discharge      Conj/Air       31%        N/A       1%          2
c - Swiftness             Air            33%        N/A       2%          3
d - Mephitic Cloud        Conj/Pois/Air  26%        N/A       4%          3

Your spell library contained the following spells:

 Spells                   Type           Power      Damage    Failure   Level
 Foxfire                  Conj/Fire      68%        2x1d7     3%          1
 Conjure Flame            Conj/Fire      17%        6-21      10%         3
 Ignite Poison            Fire/Tmut/Pois 9%         N/A       16%         3
 Inner Flame              Hex/Fire       5%         N/A       22%         3
 Airstrike                Air            16%        N/A       10%         4
 Flame Wave               Conj/Fire      17%        2d6       32%         4
 Freezing Cloud           Conj/Ice/Air   11%        6-21      52%         5


Dungeon Overview and Level Annotations

Branches:
Dungeon (5/15)
 Temple: D:4-7

Altars:
Nemelex Xobeh

Annotations:
D:3 Ijyb


Message History

Casting: Shock (safe; 1% risk of failure)
Confirm with . or Enter, or press ? or * to list all spells.
Aiming: Shock (safe; 1% risk of failure)
Press: ? - help, Shift-Dir - straight line, f - adder
Aim: an adder (57% to hit)
The zap misses the adder.
The orc priest calls down the wrath of Beogh upon you.
Beogh smites you! The adder closely misses you.
Unknown command.
A goblin comes into view. It is wielding a +0 club.
Okay, then.
Casting: Shock (safe; 1% risk of failure)
Confirm with . or Enter, or press ? or * to list all spells.
Okay, then.
Casting: Shock (safe; 1% risk of failure)
Confirm with . or Enter, or press ? or * to list all spells.
Aiming: Mephitic Cloud (dangerous; 4% risk of failure)
Press: ? - help, Shift-Dir - straight line, p - adder The ball explodes into a vile cloud!
The stinking cloud engulfs the adder but does no damage.
The goblin shouts!
The adder is engulfed in noxious fumes.
The adder appears confused.
The orc priest casts a cantrip, but nothing happens.
The adder bites you but does no damage.
The orc priest calls down the wrath of Beogh upon you.
Beogh smites you!
* * * LOW HITPOINT WARNING * * *
Casting: Mephitic Cloud (dangerous; 4% risk of failure)
Confirm with . or Enter, or press ? or * to list all spells.
Okay, then.
You see here a +0 dagger.
There is a stone staircase leading up here.
You climb upwards.
Level annotation: Ijyb
There is a stone staircase leading down here.
You start resting.
Ijyb is nearby!
Ijyb is nearby!
Ijyb zaps a wand.
The puff of flame hits you!
You die...

................†........#......#
...............g........##.......
..............###.....####.#####.
.............#..g...### ##.# #.
...............>...## ##..# #.
............÷..##g.### #..## #.
.....................###.## #.
......................#..## ##
................@.........#### #
#.#... ................##....# #
#...# .................#####.####
...# #...).............# #.#.>.
...##..................# #..>..
......# ...............# ###...
...(..#)..............## ####
....#...#............## ......###


You could see Ijyb.

Vanquished Creatures
  An ogre (D:4)
  A centaur (D:3)
  A scorpion (D:2)
  A bullfrog skeleton (D:4)
  A centaur skeleton (D:4)
  An iguana (D:4)
  An orc wizard (D:5)
  A hound zombie (D:5)
  2 adders
  An adder skeleton (D:4)
  A worm (D:2)
  A dart slug (D:2)
  4 orcs
  8 ball pythons
  8 bats
  2 endoplasms
  2 giant cockroaches (D:1)
  3 goblins
  3 hobgoblins
  3 jackals (D:1)
  7 kobolds
  3 quokkas
  9 frilled lizards
  8 rats
73 creatures vanquished.

Vanquished Creatures (others)
  A withered plant (D:1)
1 creature vanquished.

Grand Total: 74 creatures vanquished

Notes
Turn   | Place    | Note
-------+----------+-------------------------------------------
     0 | D:1      | Illumine the Deep Elf Air Elementalist began the quest for
                  | the Orb.
     0 | D:1      | Reached XP level 1. HP: 10/10 MP: 6/6
   373 | D:1      | Reached XP level 2. HP: 15/15 MP: 6/8
   377 | D:1      | Learned a level 2 spell: Static Discharge
  1195 | D:1      | Found a faded altar of an unknown god.
  1590 | D:2      | Reached XP level 3. HP: 19/19 MP: 4/9
  1841 | D:2      | Learned a level 3 spell: Swiftness
  2064 | D:2      | Noticed a scorpion
  2344 | D:2      | Reached skill level 1 in Fighting
  2619 | D:2      | Killed a scorpion
  2620 | D:2      | Reached skill level 4 in Air Magic
  2620 | D:2      | Reached XP level 4. HP: 25/25 MP: 5/10
  2624 | D:2      | Learned a level 3 spell: Mephitic Cloud
  2862 | D:3      | Found a sparkling altar of Nemelex Xobeh.
  2909 | D:3      | Noticed an ice beast
  2911 | D:3      | Reached XP level 5. HP: 29/29 MP: 9/11
  3051 | D:3      | Noticed a centaur
  3057 | D:3      | Killed a centaur
  3058 | D:3      | Reached skill level 1 in Poison Magic
  3360 | D:3      | Noticed Ijyb
  3512 | D:4      | Reached XP level 6. HP: 26/35 MP: 4/12
  3830 | D:4      | Noticed an orc warrior
  3863 | D:5      | Entered Level 5 of the Dungeon
  3974 | D:5      | Reached skill level 5 in Air Magic
  4021 | D:3      | Killed from afar by Ijyb

Illustrated notes

Levels and vault maps discovered:
D:1:      co_arrival_two_rings, layout_loops_corners,
          ebering_ecumenical_altar_petrified
D:2:      layout_loops_ring, minmay_split_cup_large
D:3:      layout_rooms, lemuel_tele_altar, uniq_ijyb
D:4:      layout_rooms, mainiacjoe_overflow_six_doors_small
D:5:      layout_cave_pools, pdpol_temple_overflow_zin_treasury_gozag_greed,
          minmay_temple_entry_statues_fountains

Skill      XL: |  1  2  3  4  5  6 |
---------------+-------------------+-----
Conjurations   | 2 3 4 |  4.1
Fighting       | 1 2 |  2.1
Air Magic      | 4 5 |  5.0
Poison Magic   | 1 2 |  2.2
Dodging        | |  2.4
Stealth        | |  2.4
Spellcasting   | |  3.9

Action                   |  1- 3 |  4- 6 || total
-------------------------+-------+-------++-------
 Cast: Shock             |   112 |    62 ||   174
       Mephitic Cloud    |       |     3 ||     3
       Swiftness         |       |     1 ||     1
  Use: Scroll            |       |     1 ||     1
Armor: Robe              |     7 |     5 ||    12
Dodge: Dodged            |    25 |     7 ||    32
